 Dungeon Crawl Stone Soup version 0.31-a0-1447-g87ca8d402b (webtiles) character file.

Game seed: 17953047057723828857

44 Curundu the Chopper (level 3, 0/33 HPs)
             Began as a Minotaur Berserker on Dec 28, 2023.
             Was a Believer of Trog.
             Slain by Crazy Yiuf
             ... wielding a +3 quarterstaff of chaos
              (11 damage)
             ... on level 2 of the Dungeon.
             The game lasted 00:03:03 (832 turns).

Curundu the Chopper (Minotaur Berserker)             Turns: 832, Time: 00:03:03

Health: 0/33       AC:  5    Str: 23    XL:     3   Next: 41%
Magic:  2/2        EV: 11    Int:  4    God:    Trog [**....]
Gold:   63         SH:  0    Dex:  9    Spells: 2/2 levels left

rFire   . . .        a - +0 hand axe
rCold   . . .        (no shield)
rNeg    . . .        c - +0 ring mail
rPois   .            (helmet restricted)
rElec   .            (no cloak)
rCorr   .            (no gloves)
SInv    .            (no boots)
Will    ++...        (no amulet) Stlth
                     (no ring)
HPRegen 1.25/turn    (no ring)
MPRegen 0.08/turn

%: no passive effects
@: strong-willed (expiring), regenerating (expiring)
A: horns 2, retaliatory headbutt
a: Renounce Religion, Berserk, Trog's Hand


You were on level 2 of the Dungeon.
You worshipped Trog.
Trog was pleased with you.
You visited 1 branch of the dungeon, and saw 2 of its levels.

You collected 63 gold pieces.

Inventory:

Hand Weapons
 a - a +0 hand axe (weapon)
Missiles
 d - 5 boomerangs
 g - 5 poisoned darts
Armour
 c - a +0 ring mail (worn)
Scrolls
 e - a scroll of noise {unknown}
 f - a scroll of blinking {unknown}
Potions
 b - a potion of mutation {unknown}


   Skills:
 + Level 4.2 Fighting
 + Level 4.4 Axes
 + Level 0.4 Throwing
 + Level 2.6 Armour
 + Level 2.4 Dodging
 + Level 0.2 Stealth


You had 2 spell levels left.
You didn't know any spells.
Your spell library was empty.

Dungeon Overview and Level Annotations

Branches:
Dungeon (2/15)

Altars:

Annotations:
D:2 Crazy Yiuf


Innate Abilities, Weirdness & Mutations

You have a pair of horns on your head.
You reflexively headbutt those who attack you in melee.


Message History

Trog accepts your kill.
You barely miss the rat. You headbutt the rat, but do no damage.
The rat bites you but does no damage.
You hit the rat.
You kill the rat!
Trog accepts your kill.
You see here a rat corpse.
You open the door.
There is an open door here.
Found a hammer.
Found a runed translucent door.
Crazy Yiuf shouts!
Activating: Trog's Hand (4% risk of failure)
Press: ? - help, Q - select action, (/) - cycle Dir - look around, f - activate Your skin crawls.
You feel strong-willed.
You open the door. You hit Crazy Yiuf but do no damage.
Your headbutt misses Crazy Yiuf. Crazy Yiuf closely misses you.
You hit Crazy Yiuf.
Crazy Yiuf is lightly wounded.
Crazy Yiuf says, "Race!
Proton sallow arga."
Crazy Yiuf misses you.
You hit Crazy Yiuf.
Crazy Yiuf is moderately wounded.
Crazy Yiuf barely misses you.
You hit Crazy Yiuf but do no damage.
Crazy Yiuf is moderately wounded.
Crazy Yiuf grits, "Liver seventy leg!"
Crazy Yiuf hits you with a +3 quarterstaff of chaos!
Crazy Yiuf freezes you.
You hit Crazy Yiuf but do no damage.
Crazy Yiuf is moderately wounded.
You feel the effects of Trog's Hand fading.
Crazy Yiuf hits you with a +3 quarterstaff of chaos.
Crazy Yiuf draws strength from your wounds!
You hit Crazy Yiuf.
Crazy Yiuf is moderately wounded.
Crazy Yiuf hits you with a +3 quarterstaff of chaos!
You are electrocuted!
You die...

#......#
##..##
#......#
#....#
#......#
♣...♣♣
#####'###
♣...♣ #....#
♣♣.♣♣
#######.####
♣.♣♣
......†....#
♣♣.♣
####.#######
♣.♣♣ <#...#
♣♣@♣ .#.###
#g# ...# ...
.### #...#
.# #..)# .#
##### .# ..
##


You could see Crazy Yiuf.

Vanquished Creatures
  A worm (D:2)
  3 dart slugs (D:2)
  4 ball pythons (D:1)
  4 endoplasms (D:1)
  A giant cockroach (D:1)
  4 hobgoblins
  2 kobolds (D:1)
  3 quokkas (D:1)
  2 bats (D:1)
  3 frilled lizards
  3 goblins (D:1)
  4 rats
34 creatures vanquished.

Notes
Turn   | Place    | Note
-------+----------+-------------------------------------------
     0 | D:1      | Curundu the Minotaur Berserker began the quest for the Orb.
     0 | D:1      | Reached XP level 1. HP: 19/19 MP: 0/0
   222 | D:1      | Reached XP level 2. HP: 18/27 MP: 1/1
   615 | D:1      | Reached ** piety under Trog
   616 | D:1      | Reached XP level 3. HP: 30/33 MP: 2/2
   821 | D:2      | Found a runed translucent door.
   822 | D:2      | Noticed Crazy Yiuf
   832 | D:2      | Slain by Crazy Yiuf

Illustrated notes

Levels and vault maps discovered:
D:1:      minmay_arrival_widening_spiral_wide, layout_basic, chequers_jeans
D:2:      layout_basic, uniq_crazy_yiuf_cottage, uniq_jessica

Skill      XL: |  1  2 |
---------------+-------+-----
Fighting       | 4 |  4.2
Axes           | 4 |  4.4
Throwing       | |  0.4
Armour         | |  2.6
Dodging        | |  2.4
Stealth        | |  0.2

Action                     || total
---------------------------++-------
  Melee: Hand axe          ||    60
         Punch             ||     2
         Headbutt          ||     7
  Throw: Boomerang         ||    13
 Invoke: Trog's Hand       ||     1
 Armour: Animal skin       ||     4
         Ring mail         ||    24
  Dodge: Dodged            ||    38

Table legend: (Time is in decaauts)
 A = Elapsed time spent in this place.
 B = Non-inter-level travel time spent in this place.
 C = Inter-level travel time spent in this place.
 D = Time resting spent in this place.
 E = Time spent auto-exploring this place.
 F = Levels seen in this place.
 G = Mean time per level.
                   A        B        C        D        E       F      G
               +--------+--------+--------+--------+--------+-----+--------+
         Total |    841 |    841 |      0 |      0 |    609 |   2 |  420.5 |
       Dungeon |    841 |    841 |      0 |      0 |    609 |   2 |  420.5 |
               +--------+--------+--------+--------+--------+-----+--------+

Top non-repeatable levels by time:
     D:1: 686 daAuts
     D:2: 155 daAuts
